 Dungeon Crawl Stone Soup version 0.24.0-13-gcf9b3192b9 (webtiles) character file.

Game seed: 4592963237284330560, levelgen mode: deterministic

163 PentaManta the Sneak (level 5, -2/28 HPs)
             Began as a Spriggan Assassin on Nov 9, 2019.
             Was a Believer of Uskayaw.
             Slain by an iron imp (7 damage)
             ... on level 3 of the Dungeon.
             The game lasted 00:08:20 (3538 turns).

PentaManta the Sneak (Spriggan Assassin)            Turns: 3538, Time: 00:08:20

Health: -2/28      AC:  4    Str:  7    XL:     5   Next: 20%
Magic:  6/6        EV: 19    Int: 13    God:    Uskayaw [**....]
Gold:   139        SH:  0    Dex: 18    Spells: 4/4 levels left

rFire    . . .     SeeInvis +   i - +0 short sword
rCold    . . .     Gourm    .   (shield restricted)
rNeg     . . .     Faith    .   b - +0 robe
rPois    .         Spirit   .   (helmet restricted)
rElec    .         Reflect  .   m - +1 cloak
rCorr    .         Harm     .   (gloves unavailable)
MR       .....                  (boots unavailable)
Stlth    ++++......             (no amulet)
HPRegen  0.09/turn              (no ring)
MPRegen  0.10/turn              (no ring)

@: very quick
A: very small, unfitting armour, see invisible, herbivore, speed 3, slow
metabolism 2
a: Stomp, Line Pass, Renounce Religion


You were on level 3 of the Dungeon.
You worshipped Uskayaw.
Uskayaw was noncommittal.
You were hungry.

You visited 1 branch of the dungeon, and saw 3 of its levels.

You collected 139 gold pieces.

Inventory:

Hand Weapons
 a - a +2 dagger
 i - a +0 short sword (weapon)
 k - a +2 whip of venom
Missiles
 d - 30 poisoned darts (quivered)
 e - 6 curare-tipped darts
Armour
 b - a +0 robe (worn)
 m - a +1 cloak (worn)
Scrolls
 c - a scroll of identify
Potions
 g - a potion of resistance
 h - a potion of curing {unknown}
 j - a potion of mutation {unknown}
 l - 3 potions of heal wounds
 o - a potion of lignification {unknown}
 q - a potion of degeneration {unknown}
Comestibles
 f - 6 rations


   Skills:
 * Level 2.8 Fighting
 * Level 3.6 Short Blades
 - Level 2.0 Throwing
 * Level 3.5 Dodging
 + Level 6.8 Stealth


You had 4 spell levels left.
You didn't know any spells.
Your spell library contained the following spells:

 Spells                   Type           Power        Failure   Level  Hunger
 Beastly Appendage        Tmut           #.....       30%         1    ##.....
 Sticks to Snakes         Tmut           #.......     43%         2    ###....
 Spider Form              Tmut/Pois      #.........   67%         3    ####...
 Ice Form                 Ice/Tmut       #.......     97%         4    #####..
 Blade Hands              Tmut           #.........   100%        5    ######.


Dungeon Overview and Level Annotations

Branches:
Dungeon (3/15)

Altars:
Cheibriados
Makhleb
Uskayaw


Innate Abilities, Weirdness & Mutations

You are very small and have problems with some larger weapons.
You are too small for most types of armour.
You have supernaturally acute eyesight. (SInv)
You are a herbivore.
You cover ground extremely quickly.
You need to consume almost no food.


Message History

You hit the iron imp but do no damage.
The iron imp is severely wounded.
The iron imp barely misses you.
You hit the iron imp but do no damage.
The iron imp is severely wounded.
The iron imp closely misses you.
You hit the iron imp but do no damage.
The iron imp is severely wounded.
You hit the iron imp.
The iron imp is almost dead.
The iron imp misses you.
You hit the iron imp.
The iron imp is almost dead.
The iron imp hits you.
* * * LOW HITPOINT WARNING * * *
You can now pass through a line of other dancers.
You hit the iron imp but do no damage.
The iron imp is almost dead.
The iron imp hits you!
You die...

#...#####...#### #.).......#..##
#...........# ##........#..#.
............# #........#..#.
......<.....# #........'..#.
##..........# #(.....>.##.#.
....##'##...# #........##.##
.####...#...# #........##.#.
.#......#.##########........##.#.
.#.##.....# #.5@..)..).....##.#.
.#.##†....# #.###############.#.
.#........# #.# #.#.
.#############.# #.##
.#.[.....5.....# #.#
.#.≈§≈.........# #.#
##5≈§≈≈........# #.#
#....≈≈.......# #.#
#..§.5≈≈.....## #.#


You could see an iron imp.

Vanquished Creatures
  An iron imp (D:3)
  5 adders
  2 gnolls (D:3)
  3 worms
  2 dart slugs
  3 leopard geckos
  4 bats
  4 giant cockroaches
  7 goblins
  6 hobgoblins
  4 jackals (D:2)
  A quokka (D:3)
  A frilled lizard (D:1)
  5 kobolds
  10 rats
58 creatures vanquished.

Vanquished Creatures (others)
  A kraken (D:1)
  2 minotaurs (D:1)
  A gargoyle (D:1)
  2 vine stalkers (D:1)
  A vampire (D:1)
  A human (D:1)
  A dwarf (D:1)
  2 orcs (D:1)
  7 tentacles (D:1)
18 creatures vanquished.

Grand Total: 76 creatures vanquished

Notes
Turn   | Place    | Note
-------+----------+-------------------------------------------
     0 | D:1      | PentaManta the Spriggan Assassin began the quest for the
                  | Orb.
     0 | D:1      | Reached XP level 1. HP: 10/10 MP: 2/2
     0 | D:1      | Noticed a dwarf
     0 | D:1      | Noticed a human
     0 | D:1      | Noticed a minotaur
     0 | D:1      | Noticed a vine stalker
     0 | D:1      | Noticed a vine stalker
     0 | D:1      | Noticed a vine stalker
     0 | D:1      | Noticed a kraken
     0 | D:1      | Noticed a ghoul
     0 | D:1      | Noticed a vampire
     0 | D:1      | Noticed a gargoyle
     0 | D:1      | Noticed a minotaur
     7 | D:1      | Killed a minotaur
     9 | D:1      | Killed a human
    10 | D:1      | Killed a vine stalker
    11 | D:1      | Killed a dwarf
    11 | D:1      | Killed a gargoyle
    12 | D:1      | Killed a vampire
    14 | D:1      | Killed a minotaur
    14 | D:1      | Killed a vine stalker
    14 | D:1      | Killed a kraken
   256 | D:1      | Reached XP level 2. HP: 15/15 MP: 3/3
   393 | D:1      | Reached skill level 6 in Stealth
   737 | D:2      | Reached XP level 3. HP: 18/18 MP: 4/4
   743 | D:2      | Noticed a +0 dagger
   743 | D:2      | Noticed a +0 hand axe
   745 | D:2      | Found a hide-covered altar of Uskayaw.
  1490 | D:2      | Found a snail-covered altar of Cheibriados.
  1521 | D:2      | Became a worshipper of Uskayaw the Reveler
  1652 | D:2      | Reached * piety under Uskayaw
  2033 | D:3      | Reached ** piety under Uskayaw
  2045 | D:3      | Reached XP level 4. HP: 20/23 MP: 5/5
  2457 | D:3      | Found a faded altar of an unknown god.
  2507 | D:3      | HP: 1/23 [worm (12)]
  2972 | D:3      | Found a burning altar of Makhleb.
  3336 | D:3      | Reached XP level 5. HP: 17/28 MP: 6/6
  3538 | D:3      | Slain by an iron imp

Levels and vault maps discovered:
D:1:      nicolae_arrival_kraken_aquarium_a, layout_loops_corners
D:2:      layout_loops_ring, cheibriados_altar_1, dancing_weapons_uskayaw,
          hangedman_decor_points
D:3:      layout_basic, demons_altar, chequers_ecumenical_altar_island,
          first_ration

Skill      XL: |  1  2  3  4 |
---------------+-------------+-----
Stealth        | 6 |  6.8
Fighting       | 2 |  2.8
Dodging        | 2 3 |  3.5
Short Blades   | 3 |  3.6
Throwing       | |  2.0

Action                   |  1- 3 |  4- 6 || total
-------------------------+-------+-------++-------
Melee: Dagger            |    38 |     1 ||    39
       Short sword       |   123 |   138 ||   261
Throw: Dart              |       |     4 ||     4
  Use: Scroll            |       |     5 ||     5
 Stab: Sleeping          |    15 |     8 ||    23
Armor: Robe              |    12 |     5 ||    17
Dodge: Dodged            |   122 |    79 ||   201
